 Dungeon Crawl Stone Soup version 0.30-a0-1053-gbd8d5ba0ad (webtiles) character file.

Game seed: 8935854330258196549

1936394 Zeldest the Acrobat (level 23, 220/220 HPs)
             Began as a Demigod Wanderer on Apr 11, 2023.
             Escaped with the Orb
             ... and 3 runes!
             The game lasted 02:17:43 (49752 turns).

Zeldest the Acrobat (Demigod Wanderer)             Turns: 49752, Time: 02:17:44

Health: 220/220    AC: 29    Str:  9    XL:     23   Next: 73%
Magic:  34/34      EV: 39    Int: 17    God:
Gold:   3355       SH:  0    Dex: 42    Spells: 21/30 levels left

rFire   + + .      SeeInvis +    a - +8 storm bow {elec, penet}
rCold   + . .      Faith    .    (shield currently unavailable)
rNeg    + + .      Spirit   +    m - quicksilver dragon scales
rPois   +          Reflect  .    O - +3 crown of Dyrovepreva {rElec Int+2 SInv}
rElec   +          Rampage  +    E - +2 cloak {Will+}
rCorr   +                        p - +2 pair of gloves of the Heavens {rN++ Will+ Regen+ Int-4}
Will    +++++                    J - +2 pair of boots {rampage}
Stlth   ++                       y - amulet "Dicogh" {Spirit Fly Will+ rCorr}
HPRegen 1.36/turn                e - ring "Xaatifiq" {rPois rF+ Dex+2}
MPRegen 0.24/turn                Q - ring "Wecebrom" {rF+ rC+}

@: flying, studying Earth Magic
A: high MP 1, forlorn, divine attributes, clever 1, sense surroundings 1, weak
1, wild magic 1
0: Orb of Zot
}: 3/15 runes: decaying, abyssal, gossamer
a: no special abilities


You escaped.
You visited 10 branches of the dungeon, and saw 47 of its levels.
You visited the Abyss 2 times.
You visited 1 bazaar.
You also visited: Trove and Bailey.

You collected 7690 gold pieces.
You spent 4335 gold pieces at shops.

Inventory:

Hand Weapons
 a - the +8 storm bow (weapon) {elec, penet}
   (You found it on level 7 of the Dungeon)
 X - a +6 triple sword of protection
Armour
 m - quicksilver dragon scales (worn)
 p - the +2 pair of gloves of the Heavens (worn) {rN++ Will+ Regen+ Int-4}
   (You acquired it on level 4 of the Realm of Zot)

   Int:       It affects your intelligence (-4).
   rN:        It greatly protects you from negative energy.
   Regen:     It increases your rate of health regeneration.
   Will:      It increases your willpower.
 E - a +2 cloak of willpower (worn)
 J - a +2 pair of boots of rampaging (worn)
 O - the +3 crown of Dyrovepreva (worn) {rElec Int+2 SInv}
   (You found it in a treasure trove)

   Int:       It affects your intelligence (+2).
   rElec:     It insulates you from electricity.
   SInv:      It lets you see invisible.
 S - the +1 helmet "Hoine" {rC++ Will+ Int-4}
   (You found it on level 9 of the Dungeon)

   Int:       It affects your intelligence (-4).
   rC:        It greatly protects you from cold.
   Will:      It increases your willpower.
 T - the +1 pair of gloves of the Harvest {Will+}
   (You bought it in a shop on level 2 of the Orcish Mines)

   Will:      It increases your willpower.
Jewellery
 c - the ring of the Hare {EV+10}
   (You found it on level 13 of the Dungeon)

   [ring of evasion]

   EV:        It affects your evasion (+10).
 e - the ring "Xaatifiq" (left hand) {rPois rF+ Dex+2}
   (You found it on level 3 of the Dungeon)

   [ring of protection from fire]

   Dex:       It affects your dexterity (+2).
   rF:        It protects you from fire.
   rPois:     It protects you from poison.
 i - the ring "Vouso" {Wiz Slay+6}
   (You bought it in a shop on level 2 of the Orcish Mines)

   [ring of wizardry]

   It improves your spell success rate.
   Slay:      It affects your accuracy & damage with ranged weapons and melee
   (+6).
 y - the amulet "Dicogh" (around neck) {Spirit Fly Will+ rCorr}
   (You bought it in a shop in a bazaar)

   [amulet of guardian spirit]

   It causes incoming damage to be divided between your reserves of health and
   magic.
   Fly:       It grants you flight.
   rCorr:     It protects you from acid and corrosion.
   Will:      It increases your willpower.
 D - the ring "Nuew" {rElec rF+}
   (You bought it in a shop in a bazaar)

   [ring of protection from fire]

   rF:        It protects you from fire.
   rElec:     It insulates you from electricity.
 Q - the ring "Wecebrom" (right hand) {rF+ rC+}
   (You found it in a treasure trove)

   [ring of protection from fire]

   rF:        It protects you from fire.
   rC:        It protects you from cold.
 W - the ring "Bixos" {rF+++ rC+ Str-4 SInv}
   (You found it on level 5 of the Lair of Beasts)

   [ring of see invisible]

   Str:       It affects your strength (-4).
   rF:        It renders you almost immune to fire.
   rC:        It protects you from cold.
   SInv:      It lets you see invisible.
Wands
 o - a wand of digging (10)
 F - a wand of roots (26)
 R - a wand of quicksilver (12)
Scrolls
 d - 2 scrolls of summoning
 f - 5 scrolls of enchant armour
 g - 8 scrolls of immolation
 h - 8 scrolls of noise
 n - 12 scrolls of vulnerability
 u - 14 scrolls of teleportation
 v - 6 scrolls of amnesia
 C - 5 scrolls of blinking
 H - a scroll of torment
 I - 7 scrolls of fog
 L - 8 scrolls of poison
 M - 3 scrolls of magic mapping
 N - 6 scrolls of fear
Potions
 j - 16 potions of heal wounds
 k - 15 potions of curing
 l - 5 potions of mutation
 q - a potion of magic
 r - 10 potions of attraction
 t - 12 potions of flight
 w - 3 potions of haste
 z - 4 potions of cancellation
 A - 3 potions of resistance
 B - 10 potions of lignification
 G - 4 potions of might
 K - 10 potions of brilliance
 P - 3 potions of berserk rage
 Y - 2 potions of invisibility
 Z - 4 potions of ambrosia
Miscellaneous
 b - a tin of tremorstones (2/2)
 s - a condenser vane
 x - a box of beasts
 U - a phantom mirror
 V - a lightning rod (4/4)


   Skills:
 + Level 21.1 Fighting
 - Level 10.0(10.1) Short Blades
 - Level 2.7(6.9) Long Blades
 - Level 18.0 Ranged Weapons
 - Level 1.7 Throwing
 + Level 15.7 Armour
 * Level 22.3 Dodging
 - Level 7.9 Stealth
 - Level 4.1 Spellcasting
 - Level 8.6 Hexes
 - Level 5.8 Transmutations
 - Level 8.6 Earth Magic
 - Level 6.3 Evocations


You had 21 spell levels left.
You knew the following spells:

 Your Spells              Type           Power      Damage    Failure   Level
a - Wereblood             Tmut           30%        N/A       7%          2
b - Leda's Liquefaction   Hex/Erth       21%        N/A       13%         4
c - Ensorcelled Hibernat  Hex/Ice        46%        N/A       13%         2
d - Apportation           Tloc           8%         N/A       38%         1

Your spell library contained the following spells:

 Spells                   Type           Power      Damage    Failure   Level
 Beastly Appendage        Tmut           60%        N/A       4%          1
 Confusing Touch          Hex            42%        N/A       4%          3
 Tukima's Dance           Hex            42%        N/A       4%          3
 Cause Fear               Hex            21%        N/A       13%         4
 Inner Flame              Hex/Fire       23%        N/A       22%         3
 Portal Projectile        Hex/Tloc       46%        N/A       22%         3
 Summon Guardian Golem    Hex/Summ       23%        N/A       22%         3
 Petrify                  Tmut/Erth      36%        N/A       22%         4
 Lee's Rapid Deconstruct  Erth           21%        3d12*     34%         5
 Spider Form              Tmut/Pois      17%        N/A       36%         3
 Foxfire                  Conj/Fire      16%        2x1d4     38%         1
 Kiss of Death            Conj/Necr      16%        2d6       38%         1
 Magic Dart               Conj           16%        1d3       38%         1
 Necrotise                Necr           16%        1d4       38%         1
 Shock                    Conj/Air       16%        1d4       38%         1
 Summon Small Mammal      Summ           16%        N/A       38%         1
 Ignite Poison            Fire/Tmut/Pois 13%        N/A       47%         3
 Yara's Violent Unravell  Hex/Tmut       18%        3d9       50%         5
 Call Imp                 Summ           8%         N/A       52%         2
 Scorch                   Fire           8%         2d5       52%         2
 Static Discharge         Conj/Air       8%         2-3/arc   52%         2
 Animate Armour           Summ/Erth      46%        N/A       54%         4
 Anguish                  Hex/Necr       11%        N/A       56%         4
 Fulminant Prism          Conj/Hex       11%        3d9       56%         4
 Blade Hands              Tmut           15%        N/A       69%         5
 Call Canine Familiar     Summ           4%         N/A       75%         3
 Hailstorm                Conj/Ice       4%         3d4       75%         3
 Mephitic Cloud           Conj/Pois/Air  4%         N/A       75%         3
 Ozocubu's Armour         Ice            4%         N/A       75%         3
 Swiftness                Air            4%         N/A       75%         3
 Vampiric Draining        Necr           4%         2d6       75%         3
 Vhi's Electric Charge    Tloc/Air       8%         N/A       75%         3
 Volatile Blastmotes      Fire/Tloc      8%         2d10      75%         3
 Ice Form                 Ice/Tmut       17%        N/A       75%         4
 Borgnjor's Vile Clutch   Necr/Erth      11%        N/A       87%         5
 Metabolic Englaciation   Hex/Ice        11%        N/A       88%         5
 Silence                  Hex/Air        11%        N/A       88%         5
 Statue Form              Tmut/Erth      24%        N/A       96%         6
 Alistair's Intoxication  Tmut/Pois      11%        N/A       97%         5
 Airstrike                Air            2%         2d(1-17)  98%         4
 Animate Dead             Necr           4%         N/A       98%         4
 Dispel Undead            Necr           4%         3d7       98%         4
 Flame Wave               Conj/Fire      4%         2d5       98%         4
 Iskenderun's Mystic Bla  Conj/Tloc      4%         2d3       98%         4
 Olgreb's Toxic Radiance  Pois           4%         N/A       98%         4
 Passage of Golubria      Tloc           4%         N/A       98%         4
 Sticky Flame             Conj/Fire      4%         2d3       98%         4
 Summon Lightning Spire   Summ/Air       4%         N/A       98%         4
 Agony                    Necr           4%         N/A       100%        5
 Arcjolt                  Conj/Air       2%         1d12      100%        5
 Fireball                 Conj/Fire      2%         3d4       100%        5
 Iskenderun's Battlesphe  Conj           4%         2d6       100%        5
 Conjure Ball Lightning   Conj/Air       2%         3x3d6     100%        6
 Death Channel            Necr           2%         N/A       100%        6
 Eringya's Noxious Bog    Tmut/Pois      8%         N/A       100%        6
 Iron Shot                Conj/Erth      11%        9d3       100%        6
 Plasma Beam              Fire/Air       2%         2x1d13    100%        6
 Simulacrum               Ice/Necr       2%         N/A       100%        6
 Starburst                Conj/Fire      2%         6d3       100%        6
 Summon Cactus Giant      Summ           2%         N/A       100%        6
 Dragon Form              Tmut           15%        N/A       100%        7
 Enfeeble                 Hex            21%        N/A       100%        7
 Spellforged Servitor     Conj/Summ      2%         N/A       100%        7
 Discord                  Hex            21%        N/A       100%        8
 Disjunction              Tloc           2%         N/A       100%        8
 Lehudib's Crystal Spear  Conj/Erth      11%        10d4      100%        8
 Dragon's Call            Summ           2%         N/A       100%        9


Dungeon Overview and Level Annotations

Branches:
Dungeon (15/15)            Temple (0/1) D:4            Lair (5/5) D:8
  Swamp (4/4) Lair:2       Spider (4/4) Lair:3        Slime (1/5) Lair:5
    Orc (2/2) D:9             Elf (3/3) Orc:2        Vaults (4/5) D:13
  Crypt (0/3) Vaults:2     Depths (4/4) D:15            Zot (5/5) Depths:4
 Bailey (visited)

Shops:
D:2 !   D:8 [   D:9 [   Orc:2 [*=   Depths:4 =::

Portals:
Hell: Depths:1 Depths:2 Depths:3 Depths:4
Abyss: Depths:1* Depths:3
Pandemonium: Depths:2 Depths:3
Ziggurat: Depths:2

Annotations:
D:5 4 runed translucent doors
Lair:2 3 runed translucent doors, Fanus's ghost, journeyman MiFi
Spider:4 3 runed translucent doors, GloriousHammer's ghost, adept TrFi
Elf:2 3 runed translucent doors
Depths:1 2 transporters, Xutext's ghost, adept DsAK
Zot:2 Grunn


Innate Abilities, Weirdness & Mutations

You have an increased reservoir of magic. (+10% MP)
You shall have no god before yourself.
Your divine heritage dramatically boosts your attributes as you level up.
Your mind is acute. (Int +4, Str/Dex -1)
You passively map a small area around you.
You are weak. (Str -2)
Your spells are a little harder to cast, but a little more powerful.


Message History

The Orb Guardian is heavily wounded.
You shoot an arrow.
The arrow closely misses the Orb Guardian.
You shoot an arrow.
The arrow pierces through the Orb Guardian!!
The Orb Guardian is almost dead.
The Orb Guardian completely misses you.
You shoot an arrow.
The arrow pierces through the Orb Guardian!
The Orb Guardian is almost dead.
The Orb Guardian hits you!!
You shoot an arrow.
The arrow pierces through the Orb Guardian!
Lightning courses through the Orb Guardian!
You kill the Orb Guardian!
No target in view!
A rust devil comes into view.
The rust devil screeches!
You shoot an arrow.
The arrow pierces through the rust devil.
The rust devil is lightly wounded.
You shoot an arrow.
The arrow pierces through the rust devil but does no damage.
The rust devil is lightly wounded.
You shoot an arrow.
The arrow pierces through the rust devil!
The rust devil is moderately wounded.
You shoot an arrow.
The arrow pierces through the rust devil!!!
You kill the rust devil!
No target in view!
No target in view!
There is an open door here.
HP restored.
Magic restored.
There is a shaft here.
There is an open door here.
There is a staircase leading out of the dungeon here.
You see here a +0 dagger.
You have escaped!

#.(.#...#P.P#...#
#..P#...#...#...#
##'###'###'###'##
#...............###
#......##.......'..
#....^..........###
##'###'###'###'## #
#..P#...#...#...###
#P@.#P..#...#...##.
#################..
###..........#
#.............
#>............
#.............
#.............
#.............
#.#####.......


There were no monsters in sight!

Vanquished Creatures
  2 dread liches (Zot:5)
  2 ancient liches (Zot:5)
  2 orbs of fire (Zot:5)
  Bai Suzhen (Vaults:4)
  3 Killer Klowns (Zot:5)
  Saint Roka (Vaults:4)
  Nikola (Elf:1)
  A curse toe (Zot:5)
  4 golden dragons
  A doom hound (Zot:1)
  Jorgrun (Spider:2)
  2 electric golems
  13 tentacled monstrosities
  21 Orb Guardians
  A deep elf blademaster (Elf:3)
  5 liches
  A walking crystal tome (Depths:4)
  A deep elf master archer (Elf:3)
  5 quicksilver dragons
  3 tentacled starspawn
  A titan (Vaults:4)
  An Executioner (Depths:1)
  A death cob (Zot:5)
  3 sphinxes
  Kirke (Spider:3)
  12 storm dragons
  2 shadow dragons
  8 tengu reavers
  A thorn hunter (Swamp:4)
  A demonspawn warmonger (Zot:5)
  A fenstrider witch (Swamp:1)
  2 nagarajas (Abyss:4)
  2 draconian knights
  9 draconian monks
  8 fire giants
  2 emperor scorpions
  7 deep elf sorcerers
  4 frost giants
  Aizul (Vaults:4)
  4 draconian scorchers
  14 vault wardens
  3 spectral caustic shrikes (Depths:4)
  8 ghost moths
  4 ghouls
  6 draconian annihilators
  A draconian stormcaller (Zot:5)
  A draconian shifter (Zot:5)
  A broodmother (Spider:4)
  4 orc warlords
  2 spriggan defenders
  12 ironbound preservers
  3 deep elf elementalists (Elf:3)
  An angel (D:4)
  2 quicksilver oozes
  3 deep elf demonologists
  13 black draconians
  6 stone giants
  5 eleionomae
  An ophan (Abyss:3)
  4 vampire knights
  32 very ugly things
  A lorocyproca (Abyss:4)
  2 minotaurs
  8 ironbound thunderhulks
  11 dire elephants
  7 bunyips
  14 green draconians
  7 deep elf annihilators
  13 red draconians
  9 spark wasps
  6 yellow draconians
  5 purple draconians
  8 deep elf death magi
  A green death (Depths:2)
  11 ettins
  10 white draconians
  A crystal guardian (Vaults:3)
  2 shambling mangroves (Swamp:4)
  6 fire dragons
  The ghost of crescentfresh the Unseen, a journeyman SpEn of Dithmenos (Lair:5)
  7 deep elf high priests
  5 yaktaur captains
  12 vault guards
  5 entropy weavers
  9 ice dragons
  22 hydras
  2 rakshasas
  3 spriggan air magi
  13 great orbs of eyes
  4 jorogumos
  4 centaur warriors
  A peacekeeper (Vaults:3)
  10 ironbound frosthearts
  3 ogre magi
  A catoblepas (Lair:5)
  7 radroaches
  2 ghost crabs (Swamp:4)
  An anaconda (shapeshifter) (Vaults:4)
  7 alligators
  A death knight (Vaults:2)
  8 deep troll earth magi
  21 dancing weapons
  14 two-headed ogres
  5 boulder beetles
  Urug (Lair:1)
  A soul eater (D:14)
  6 tengu warriors
  A vampire mage (Depths:1)
  6 deep troll shamans
  Nergalle (D:11)
  2 orc high priests
  4 spriggan berserkers
  7 thrashing horrors (Abyss:4)
  A storm dragon zombie (Depths:1)
  8 deep elf knights
  5 wretched stars
  A hell knight (Depths:1)
  18 spriggans
  2 sun moths
  7 iron trolls
  8 skeletal warriors
  A skyshark (Lair:5)
  A sea snake (shapeshifter) (Depths:1)
  2 bog bodies (Swamp:1)
  A spatial maelstrom (Abyss:3)
  A sixfirhy (D:14)
  10 goliath frogs
  2 flayed ghosts
  7 pharaoh ants
  2 death drakes (Depths:4)
  45 deep trolls
  13 swamp dragons
  Lodul (D:11)
  4 spriggan druids
  3 deep elf archers
  7 glowing orange brains
  7 orb spiders
  3 shadow demons
  21 orc knights
  An orange crystal statue (Vaults:2)
  3 phantasmal warriors
  6 lindwurms
  2 necromancers
  6 wizards
  8 steelbarb worms
  23 deep elf zephyrmancers
  19 ironbound convokers
  14 starcursed masses
  4 orc sorcerers
  A steelbarb worm (shapeshifter) (Elf:2)
  2 harpies
  27 wolf spiders
  9 deep elf pyromancers
  5 manticores
  43 ugly things
  9 cyclopes
  4 will-o-the-wisps
  2 worldbinders (Abyss:4)
  14 moths of wrath
  A shadow dragon skeleton (Depths:1)
  12 elephants
  4 guardian serpents (Abyss:4)
  4 black mambas
  23 vault sentinels
  5 torpor snails
  4 demonic crawlers
  22 cane toads
  A rust devil (D:1)
  An apocalypse crab (Abyss:4)
  4 orange demons
  5 smoke demons
  2 unseen horrors
  16 eyes of devastation (Depths:3)
  A gargoyle (D:13)
  An unseen horror (shapeshifter) (Elf:3)
  2 rime drakes
  12 komodo dragons
  A yaktaur (shapeshifter) (Elf:1)
  A tormentor (D:6)
  29 yaktaurs
  6 kobold demonologists
  Psyche (D:8)
  5 freezing wraiths
  3 tengu conjurers
  3 efreet
  A red devil (Depths:3)
  14 trolls
  6 ancient zymes (Abyss:4)
  3 bloated husks
  A queen bee (shapeshifter) (D:13)
  7 polar bears
  A troll (shapeshifter) (D:13)
  19 tyrant leeches
  5 hellwings
  9 meliai
  7 saltlings (Orc:2)
  20 hornets
  A merfolk (D:11)
  2 raiju
  33 tarantellas
  40 blink frogs
  2 spriggan zombies (Depths:1)
  50 slime creatures
  31 jumping spiders
  2 flying skulls
  24 culicivoras
  3 ynoxinuls
  A shadow (D:10)
  A culicivora (shapeshifter) (Depths:3)
  15 large abominations
  3 small abominations
  A spriggan (shapeshifter) (D:13)
  3 water elementals
  7 wyverns
  Eustachio (D:6)
  2 air elementals (Elf:1)
  6 hogs
  37 yaks
  A fire elemental (Elf:2)
  4 basilisks
  5 wraiths
  2 golden eyes (Depths:3)
  4 chaos spawn
  4 neqoxecs
  50 redbacks
  34 vampire mosquitoes
  2 wargs (Orc:1)
  2 acid dragons
  13 swamp worms
  17 water moccasins
  2 floating eyes (shapeshifter)
  Duvessa (D:4)
  8 swamp drakes
  3 ice beasts
  A sky beast (D:6)
  A black bear (shapeshifter) (D:14)
  42 orc warriors
  18 black bears
  19 ogres
  4 wolves (Lair:5)
  6 centaurs
  2 phantoms
  4 kobold brigands
  21 bullfrogs
  7 scorpions
  A necrophage (Swamp:2)
  3 gnoll sergeants (D:11)
  3 earth elementals
  Dowan (D:4)
  16 electric eels
  8 howler monkeys
  A crimson imp (Abyss:4)
  6 jellies
  4 gnoll boudas
  16 orc priests
  An iron imp (Abyss:3)
  A sleepcap (D:5)
  34 orc wizards
  Terence (D:2)
  9 hell rats
  7 iguanas
  11 adders
  19 gnolls
  10 river rats (Lair:3)
  A shadow imp (D:5)
  3 white imps
  An ufetubus (D:7)
  A worm (D:3)
  A dart slug (D:3)
  113 orcs
  12 bats
  7 endoplasms
  9 giant cockroaches
  13 goblins
  17 hobgoblins
  3 jackals (D:1)
  5 quokkas
  10 ball pythons
  16 kobolds
  6 rats
  2 lurking horrors (Abyss:4)
  5 pillars of salt (Orc:2)
  3 starspawn tentacles
2154 creatures vanquished.

Vanquished Creatures (collateral kills)
  A juggernaut (Depths:2)
  A frost giant (Depths:2)
  A radroach (Spider:4)
  A jumping spider (Spider:2)
4 creatures vanquished.

Vanquished Creatures (others)
  A draconian knight (Zot:5)
  A deep elf knight (Elf:1)
  A goliath frog (Swamp:2)
  3 bloated husks
  A jumping spider zombie (Spider:2)
  A raiju (Abyss:4)
  4 foxfires (Swamp:1)
  49 fungi
  187 plants
  4 starspawn tentacles
252 creatures vanquished.

Grand Total: 2410 creatures vanquished

Notes
Turn   | Place    | Note
-------+----------+-------------------------------------------
     0 | D:1      | Zeldest the Demigod Wanderer began the quest for the Orb.
     0 | D:1      | Zeldest set off with the following items: a +3 dagger, a
                  | scroll of blinking, 9 boomerangs, a +0 dagger, a potion of
                  | might, a +0 leather armour.
     0 | D:1      | Reached XP level 1. HP: 18/18 MP: 4/4
   170 | D:1      | Reached XP level 2. HP: 25/25 MP: 7/7
   864 | D:2      | Reached XP level 3. HP: 30/30 MP: 9/9
   966 | D:2      | Found Agaisemm's Distillery.
  1310 | D:3      | Noticed Terence
  1354 | D:2      | Reached XP level 4. HP: 37/37 MP: 12/12
  1599 | D:3      | Identified the ring "Xaatifiq" {rPois rF+ Dex+2}
  1737 | D:3      | Identified the +5 dagger of the Postmodern Visions
                  | {protect, Stlth+}
  1748 | D:3      | Identified the +3 pair of gloves of Intuition {Fly rPois
                  | Regen+ Str-3}
  1872 | D:2      | Killed Terence
  1873 | D:2      | Reached XP level 5. HP: 42/42 MP: 14/14
  2008 | D:3      | Reached skill level 1 in Short Blades
  2105 | D:4      | Found a staircase to the Ecumenical Temple.
  2388 | D:4      | Noticed Duvessa
  2388 | D:4      | Noticed Dowan
  2392 | D:4      | Noticed an ogre
  2436 | D:4      | Killed an ogre
  2437 | D:4      | Reached XP level 6. HP: 32/50 MP: 15/15
  2518 | D:4      | Killed Duvessa
  2525 | D:4      | Killed Dowan
  2579 | D:4      | Reached skill level 5 in Stealth
  2590 | D:4      | Reached XP level 7. HP: 56/56 MP: 16/16
  2933 | D:5      | Entered Level 5 of the Dungeon
  2958 | D:5      | Reached skill level 1 in Dodging
  2993 | D:5      | Found a large runed translucent door.
  3084 | D:5      | Found a large runed translucent door.
  3084 | D:5      | Found a large runed translucent door.
  3132 | D:5      | Reached skill level 2 in Dodging
  3238 | D:5      | Noticed a wraith
  3244 | D:5      | Found a large runed translucent door.
  3281 | D:5      | Reached XP level 8. HP: 61/62 MP: 17/17
  3287 | D:5      | Noticed a hornet
  3288 | D:5      | Reached skill level 3 in Dodging
  3334 | D:5      | Killed a hornet
  3335 | D:5      | Reached skill level 5 in Short Blades
  3384 | D:5      | Identified the +1 mace of Kas Ximm {freeze, Int+2}
  3620 | D:5      | Reached skill level 4 in Dodging
  4286 | D:6      | Noticed Eustachio
  4289 | D:6      | Killed Eustachio
  4655 | D:6      | Reached skill level 5 in Dodging
  4655 | D:6      | Reached XP level 9. HP: 68/68 MP: 18/18
  4668 | D:6      | Learned a level 2 spell: Ensorcelled Hibernation
  5014 | D:7      | Found the +8 storm bow {elec, penet}
  5106 | D:7      | Found a flagged portal.
  5139 | Bailey   | Entered a bailey
  5234 | Bailey   | Noticed an orc knight
  5243 | Bailey   | Killed an orc knight
  5296 | Bailey   | Acquired 461 gold pieces
  5312 | Bailey   | Noticed a kobold demonologist
  5341 | Bailey   | Noticed a sun demon
  5344 | Bailey   | Noticed a rust devil
  5346 | Bailey   | Noticed a kobold demonologist
  5348 | Bailey   | Killed a kobold demonologist
  5389 | Bailey   | Killed a kobold demonologist
  5629 | Bailey   | Noticed an orc knight
  5634 | Bailey   | Killed an orc knight
  5635 | Bailey   | Reached XP level 10. HP: 74/74 MP: 19/19
  5865 | D:7      | Reached skill level 10 in Short Blades
  5865 | D:7      | Reached skill level 1 in Ranged Weapons
  6341 | D:8      | Reached skill level 6 in Dodging
  6404 | D:8      | Found a staircase to the Lair.
  6517 | D:8      | Found Akeahous's Armour Shop.
  6737 | D:8      | Noticed Psyche
  6742 | D:8      | Killed Psyche
  6743 | D:8      | Reached skill level 5 in Ranged Weapons
  7146 | D:9      | Found Inau's Armour Shop.
  7146 | D:9      | Found a staircase to the Orcish Mines.
  7152 | D:9      | Identified the +1 helmet "Hoine" {rC++ Will+ Int-4}
  7225 | D:9      | Reached XP level 11. HP: 83/83 MP: 20/20
  7439 | D:10     | Entered Level 10 of the Dungeon
  7860 | D:11     | Noticed a skeletal warrior
  7860 | D:11     | Noticed a skeletal warrior
  7861 | D:11     | Noticed a skeletal warrior
  7865 | D:11     | Noticed a skeletal warrior
  7872 | D:11     | Noticed a skeletal warrior
  7950 | Lair:1   | Entered Level 1 of the Lair of Beasts
  7950 | Lair:1   | Noticed Urug
  7954 | Lair:1   | Killed Urug
  8177 | Lair:1   | Reached skill level 5 in Fighting
  8177 | Lair:1   | Reached skill level 7 in Dodging
  8809 | Lair:2   | Found a runed translucent door.
  8865 | Lair:2   | Reached skill level 10 in Ranged Weapons
  8865 | Lair:2   | Reached XP level 12. HP: 95/95 MP: 21/21
  8917 | Lair:2   | Found a runed translucent gate.
  8917 | Lair:2   | Found a runed translucent gate.
  8917 | Lair:2   | Found a runed translucent gate.
  8949 | Lair:2   | Noticed Fanus's ghost (journeyman MiFi)
  9340 | Lair:2   | Found a staircase to the Swamp.
  9519 | Lair:2   | Noticed a minotaur
  9522 | Lair:2   | Killed a minotaur
 10034 | Lair:3   | Found a hole to the Spider Nest.
 10835 | Lair:4   | Noticed an eight-headed hydra
 10840 | Lair:4   | Killed an eight-headed hydra
 11263 | Lair:5   | Entered Level 5 of the Lair of Beasts
 11263 | Lair:5   | Noticed a seven-headed hydra
 11263 | Lair:5   | Noticed a six-headed hydra
 11267 | Lair:5   | Killed a seven-headed hydra
 11273 | Lair:4   | Reached XP level 13. HP: 107/108 MP: 23/23
 11561 | Lair:5   | Found a runed translucent gate.
 11561 | Lair:5   | Found a runed translucent gate.
 11561 | Lair:5   | Found a runed translucent gate.
 11566 | Lair:5   | Found a staircase to the Slime Pits.
 11566 | Lair:5   | Noticed a minotaur
 11567 | Lair:5   | Noticed crescentfresh's ghost (journeyman SpEn)
 11633 | Lair:5   | Killed a minotaur
 11647 | Lair:5   | Killed crescentfresh's ghost
 12012 | Lair:5   | Identified the ring "Bixos" {rF+++ rC+ Str-4 SInv}
 12477 | D:8      | Bought quicksilver dragon scales for 780 gold pieces
 12528 | Orc:1    | Entered Level 1 of the Orcish Mines
 12534 | Orc:1    | Reached skill level 10 in Fighting
 12794 | Orc:1    | Noticed an orc warlord
 12816 | Orc:1    | Killed an orc warlord
 12846 | Orc:1    | Noticed an orc warlord
 12853 | Orc:1    | Killed an orc warlord
 12854 | Orc:1    | Reached skill level 15 in Ranged Weapons
 13054 | Orc:2    | Entered Level 2 of the Orcish Mines
 13099 | Orc:2    | Reached XP level 14. HP: 122/122 MP: 24/24
 13193 | Orc:2    | Found Reicsia's General Store.
 13195 | Orc:2    | Found Qeezowk's Assorted Antiques.
 13201 | Orc:2    | Bought a glowing triple sword for 390 gold pieces
 13272 | Orc:2    | Found Egakoirch's Jewellery Boutique.
 13278 | Orc:2    | Acquired 460 gold pieces
 13280 | Orc:2    | Bought the ring "Vouso" {Wiz Slay+6} for 933 gold pieces
 13433 | Orc:2    | Found a staircase to the Elven Halls.
 13816 | Orc:2    | Found Rugowoat's Armour Shoppe.
 13930 | Orc:2    | Bought the +1 pair of gloves of the Harvest {Will+} for 243
                  | gold pieces
 14084 | D:11     | Reached skill level 8 in Dodging
 14556 | D:11     | Noticed Lodul
 14561 | D:11     | Killed Lodul
 14802 | D:11     | Noticed Nergalle
 14821 | D:11     | Killed Nergalle
 15889 | D:12     | Identified the +4 long sword of Wounding {protect, rC+}
 17037 | D:13     | You fall into a shaft and drop 2 floors!
 17037 | D:15     | Entered Level 15 of the Dungeon
 17127 | D:15     | Reached XP level 15. HP: 107/130 MP: 25/25
 17514 | D:13     | Noticed a fire giant
 17516 | D:13     | Found a runed translucent door.
 17518 | D:13     | Noticed a tengu reaver
 17518 | D:13     | Found the ring of the Hare {EV+10}
 17518 | D:13     | Found the +9 sword of Zonguldrok {reap}
 17874 | D:13     | Killed a fire giant
 18043 | D:13     | Got the Codex of Envenoming
 18050 | D:13     | Identified the +9 plate armour of the Engineer {rN+}
 18188 | D:13     | Killed a tengu reaver
 18415 | D:13     | Found a gate to the Vaults.
 18623 | D:14     | Reached skill level 9 in Dodging
 19282 | D:15     | Found a staircase to the Depths.
 19399 | D:15     | Found a portal to a secret trove of treasure.
 19815 | Spider:1 | Entered Level 1 of the Spider Nest
 20079 | Spider:1 | Reached skill level 5 in Armour
 20088 | Spider:1 | Reached skill level 10 in Dodging
 20099 | Spider:1 | Reached skill level 1 in Long Blades
 20919 | Spider:2 | Reached XP level 16. HP: 141/141 MP: 26/26
 21509 | Spider:2 | Noticed Jorgrun
 21519 | Spider:2 | Killed Jorgrun
 22131 | Spider:3 | Reached skill level 11 in Dodging
 23004 | Spider:3 | Noticed Kirke
 23013 | Spider:3 | Killed Kirke
 23352 | Spider:4 | Entered Level 4 of the Spider Nest
 23786 | Spider:4 | Found a runed translucent gate.
 23786 | Spider:4 | Found a runed translucent gate.
 23786 | Spider:4 | Found a runed translucent gate.
 23787 | Spider:4 | Noticed GloriousHammer's ghost (adept TrFi)
 24372 | Spider:4 | Reached skill level 12 in Dodging
 25068 | Spider:4 | Reached XP level 17. HP: 152/152 MP: 24/27
 25387 | Spider:4 | Got a gossamer rune of Zot
 25747 | Swamp:1  | Entered Level 1 of the Swamp
 27053 | Swamp:2  | Reached skill level 10 in Armour
 27175 | Swamp:2  | Reached skill level 13 in Dodging
 27507 | Swamp:3  | Reached skill level 1 in Evocations
 27518 | Swamp:3  | Reached skill level 15 in Fighting
 28368 | Swamp:4  | Entered Level 4 of the Swamp
 28553 | Swamp:4  | Got a decaying rune of Zot
 28710 | Swamp:4  | Reached XP level 18. HP: 166/166 MP: 28/28
 28719 | Swamp:4  | Reached skill level 5 in Evocations
 28911 | Swamp:4  | Reached skill level 14 in Dodging
 29439 | Orc:2    | Bought a large soapstone amulet for 150 gold pieces
 29439 | Orc:2    | Bought a potion of curing for 90 gold pieces
 29439 | Orc:2    | Bought a potion of curing for 90 gold pieces
 29511 | Elf:1    | Entered Level 1 of the Elven Halls
 29621 | Elf:1    | Noticed Nikola
 29634 | Elf:1    | Killed Nikola
 30151 | Elf:1    | Identified the +1 cloak of the Beekeeper {*Corrode Fly rF+}
 30698 | Elf:2    | Reached skill level 1 in Hexes
 30698 | Elf:2    | Reached skill level 1 in Earth Magic
 30842 | Elf:2    | Found a runed translucent gate.
 30847 | Elf:2    | Found a runed translucent gate.
 30847 | Elf:2    | Found a runed translucent gate.
 31084 | Elf:3    | Entered Level 3 of the Elven Halls
 31273 | Elf:2    | Learned a level 4 spell: Leda's Liquefaction
 31708 | Elf:3    | Identified the +3 demon trident of Resourcefulness {flame,
                  | rC+ rCorr}
 31761 | Elf:3    | Reached skill level 5 in Hexes
 31761 | Elf:3    | Reached skill level 5 in Earth Magic
 31846 | Elf:3    | Identified the +6 hand axe "Ubily" {spect, MP-9 Str+2
                  | Int+5}
 31960 | Elf:3    | Identified the +7 shortbow "Pendulum" {freeze, Str+2 Int+2
                  | Dex+5}
 31968 | Elf:3    | Identified the staff of poison "Vaydd" {rPois rF+}
 32062 | Elf:3    | Identified the +6 demon whip of the King {flame, Will+
                  | Dex+6}
 32069 | Elf:3    | Identified the staff of poison "Eghiarih" {rElec rPois rC+
                  | Str-3 Int+3}
 32542 | Slime:1  | Entered Level 1 of the Pits of Slime
 32575 | Lair:5   | Reached skill level 15 in Dodging
 32640 | Lair:5   | Reached XP level 19. HP: 135/172 MP: 29/29
 32976 | Vaults:1 | Entered Level 1 of the Vaults
 34865 | Vaults:2 | Found a staircase to the Crypt.
 34929 | Abyss:3  | Cast into level 3 of the Abyss (vault warden)
 35236 | Vaults:2 | Escaped the Abyss
 35652 | Vaults:2 | Reached XP level 20. HP: 184/184 MP: 30/30
 35658 | Vaults:2 | Reached skill level 16 in Dodging
 36390 | Vaults:3 | Found a flickering gateway to a bazaar.
 36405 | Bazaar   | Entered a bazaar
 36425 | Bazaar   | Found Hor Ubiz's Antique Armour Emporium.
 36425 | Bazaar   | Found Ukarhir's Book Shoppe.
 36447 | Bazaar   | Found Nixzoa's Magic Scroll Shoppe.
 36452 | Bazaar   | Bought a scroll of blinking for 75 gold pieces
 36452 | Bazaar   | Bought a scroll of teleportation for 30 gold pieces
 36452 | Bazaar   | Bought a scroll of teleportation for 30 gold pieces
 36452 | Bazaar   | Bought a scroll of fog for 40 gold pieces
 36452 | Bazaar   | Bought a scroll of fog for 40 gold pieces
 36463 | Bazaar   | Found Illetisul's Jewellery Emporium.
 36463 | Bazaar   | Found Xiugeen's Antique Armour Shoppe.
 36474 | Bazaar   | Bought the amulet "Dicogh" {Spirit Fly Will+ rCorr} for 553
                  | gold pieces
 36474 | Bazaar   | Bought the ring "Nuew" {rElec rF+} for 429 gold pieces
 36506 | Bazaar   | Found Zew Veu's Distillery.
 36506 | Bazaar   | Found Bimun's Magic Scroll Shoppe.
 36511 | Bazaar   | Bought a scroll of teleportation for 27 gold pieces
 36517 | Bazaar   | Bought a potion of curing for 45 gold pieces
 36517 | Bazaar   | Bought a potion of curing for 45 gold pieces
 36517 | Bazaar   | Bought a potion of heal wounds for 75 gold pieces
 36589 | Bazaar   | Bought a book of Changes for 270 gold pieces
 36592 | Bazaar   | Learned a level 2 spell: Wereblood
 36855 | Vaults:3 | Reached skill level 1 in Transmutations
 38796 | Vaults:4 | Reached skill level 17 in Dodging
 38852 | Vaults:4 | Noticed Saint Roka
 38867 | Vaults:4 | Killed Saint Roka
 38884 | Vaults:4 | Noticed Bai Suzhen
 38908 | Vaults:4 | Killed Bai Suzhen
 38957 | Vaults:4 | Noticed Aizul
 38965 | Vaults:4 | Killed Aizul
 39870 | Depths:1 | Entered Level 1 of the Depths
 40183 | Depths:1 | Reached XP level 21. HP: 195/195 MP: 31/31
 40323 | Depths:1 | Found a one-way gate to the infinite horrors of the Abyss.
 40358 | Depths:1 | Found a transporter.
 40378 | Depths:1 | Noticed Xutext's ghost (adept DsAK)
 40408 | Depths:1 | Found a transporter.
 40489 | Depths:1 | Found a gateway to Hell.
 40780 | Depths:1 | Identified the staff of conjuration "Yzifor" {SInv}
 41073 | Depths:2 | Reached skill level 5 in Transmutations
 41510 | Depths:2 | Noticed a juggernaut
 41525 | Depths:2 | Killed a juggernaut
 41717 | Depths:2 | Reached skill level 18 in Dodging
 41781 | Depths:2 | Found a one-way gateway to a ziggurat.
 42287 | Depths:2 | Found a one-way gate leading to the halls of Pandemonium.
 43560 | Depths:3 | Identified the +0 plate armour of Boptam {rF++ Will- Int+3}
 43700 | Depths:4 | Entered Level 4 of the Depths
 44083 | Depths:4 | Reached skill level 19 in Dodging
 44138 | Depths:4 | Reached XP level 22. HP: 134/206 MP: 21/32
 44472 | Depths:4 | Found Wuomiqot's Jewellery Boutique.
 44473 | Depths:4 | Found Ireuqeb's Book Shoppe.
 44473 | Depths:4 | Found Life's Book Shoppe.
 44794 | D:15     | You paid a toll of +3 gold dragon scales to enter a
                  | treasure trove
 44795 | Trove    | Entered a treasure trove
 44795 | Trove    | Found the +3 crown of Dyrovepreva {rElec Int+2 SInv}
 44826 | Trove    | Identified the amulet "Ifeosehe" {RegenMP Int+4}
 44838 | Trove    | Identified the ring of Lady Luck {rPois rC+}
 44848 | Trove    | Identified the ring "Wecebrom" {rF+ rC+}
 44855 | Trove    | Identified the ring of Seset {Fire Int+6}
 44863 | Trove    | Identified the ring "Asoem" {rPois Str+6}
 45108 | Depths:4 | Found a gate to the Realm of Zot.
 45500 | Depths:4 | Identified the +10 short sword "Kutzaris" {venom, rPois
                  | Str+2}
 45553 | Depths:4 | Identified the +9 flail "Lekhorcha" {heavy, rPois rF+}
 46001 | Depths:4 | Reached skill level 20 in Dodging
 46219 | Depths:3 | Voluntarily entered the Abyss.
 46661 | Abyss:4  | Learned a level 1 spell: Apportation
 46665 | Abyss:4  | Got an abyssal rune of Zot
 46673 | Abyss:4  | Paralysed by accursed screaming for 1 turns
 46817 | Depths:3 | Escaped the Abyss
 46869 | Zot:1    | Entered Level 1 of the Realm of Zot
 47588 | Zot:2    | Noticed Grunn
 47968 | Zot:4    | Acquired the +2 pair of gloves of the Heavens {rN++ Will+
                  | Regen+ Int-4}
 47993 | Zot:5    | Entered Level 5 of the Realm of Zot
 48124 | Zot:5    | Noticed an orb of fire
 48128 | Zot:5    | Gained mutation: You are weak. (Str -2) [an orb of fire]
 48143 | Zot:5    | Killed an orb of fire
 48162 | Zot:5    | Reached XP level 23. HP: 106/217 MP: 15/34
 48167 | Zot:5    | Reached skill level 21 in Dodging
 48262 | Zot:5    | Lost mutation: You are weak. (Str -2) [potion of mutation]
 48262 | Zot:5    | Gained mutation: Your spells are a little harder to cast,
                  | but a little more powerful. [potion of mutation]
 48262 | Zot:5    | Gained mutation: Your mind is acute. (Int +4, Str/Dex -1)
                  | [potion of mutation]
 48262 | Zot:5    | Gained mutation: You passively map a small area around you.
                  | [potion of mutation]
 48469 | Zot:5    | Noticed an ancient lich
 48498 | Zot:5    | Killed an ancient lich
 48622 | Zot:5    | Reached skill level 15 in Armour
 48631 | Zot:5    | Noticed a dread lich
 48634 | Zot:5    | Noticed an orb of fire
 48640 | Zot:5    | Noticed a Killer Klown
 48641 | Zot:5    | Noticed a dread lich
 48644 | Zot:5    | Killed a dread lich
 48654 | Zot:5    | Gained mutation: You are weak. (Str -2) [an orb of fire]
 48659 | Zot:5    | Killed an orb of fire
 48665 | Zot:5    | Killed a dread lich
 48676 | Zot:5    | Killed a Killer Klown
 48737 | Zot:5    | Noticed a Killer Klown
 48751 | Zot:5    | Noticed a Killer Klown
 48765 | Zot:5    | Killed a Killer Klown
 48906 | Zot:5    | Killed a Killer Klown
 48969 | Zot:5    | Reached skill level 22 in Dodging
 49078 | Zot:5    | Got the Orb of Zot
 49124 | Zot:5    | Noticed an ancient lich
 49134 | Zot:5    | Killed an ancient lich
 49393 | D:13     | Noticed Joqodu the pandemonium lord
 49752 | D:$      | Escaped with the Orb!

Illustrated notes

Levels and vault maps discovered:
D:1:      dpeg_arrival_prison, layout_basic,
          hellmonk_ecumenical_altar_defaced_shrine
D:2:      layout_basic, basic_altar, serial_shops, nicolae_shop_crystal
D:3:      layout_rooms, slow_altar_1, uniq_terence
D:4:      layout_gridville, kennysheep_mini_moat,
          mainiacjoe_overflow_surrounded_room, temple_pool_b,
          chequers_serial_rivers_large_a, minmay_misc_feat_plants, uniq_duvessa
D:5:      layout_loops_ring, nicolae_dithmenos_the_darkroom,
          minmay_hollow_rounded_squares
D:6:      layout_basic, overflow_temple_1_default,
          minmay_overflow_temple_star_quad, kennysheep_nub,
          kennysheep_cross_room, uniq_eustachio
D:7:      layout_basic, enter_bailey_2
D:8:      layout_gridville, lightli_temple_of_fire, due_lair_maze_entry_diamond,
          serial_shops, nicolae_stop_n_shop_1, uniq_psyche
D:9:      layout_rooms, lemuel_coloured_pillars_altar, orc_david_3
D:10:     layout_roguey, mainiacjoe_overflow_paths, mainiacjoe_overflow_alcove_2
D:11:     kennysheep_town, uniq_lodul, uniq_nergalle
D:12:     layout_small_grid, special_room [special_room_orc]
D:13:     minmay_gate_of_8, layout_long_grid, david_vaults_4, st_stairs_9
D:14:     minmay_crescents, layout_loops_cross, grunt_qazlal_clouds,
          minmay_strange_pillars, trog_ov_bears_minmay
D:15:     grunt_enter_depths_hoard, layout_irregular_city, enter_trove_6,
          ashenzari_conservatory_becter, minmay_misc_feat_five
Lair:1:   layout_small_grid, st_stairs_11, gammafunk_lair_bear_cave, uniq_urug
Lair:2:   dreamdust_labyrinth, layout_regular_city, minmay_swamp_entry_worms,
          gammafunk_ghost_necromancy, grunt_forest_small_clearings,
          lemuel_fruit_fields, serial_bayou_shore_a, infiniplex_staircase_pool_2
Lair:3:   layout_hall_layers, dummy_spider_entry, kennysheep_rathole
Lair:4:   layout_concentric_octagons, lemuel_fruit_tree,
          infiniplex_staircase_pool
Lair:5:   minmay_lair_end_frog_pond, layout_cave_shapes,
          nicolae_slime_entry_field_trip, maelrawn_ghost_gauntlet_escape
Swamp:1:  layout_falls_marsh, nicolae_swamp_little_tower
Swamp:2:  layout_basic_swamp, evilmike_swamp_ruin_house_3
Swamp:3:  layout_falls_marsh, evilmike_swamp_ruin_house_2
Swamp:4:  swamp, layout_basic_swamp, swamp_pool1, nicolae_swamp_bloodsuckers_inc
Spider:1: layout_spider_delve, hangedman_spider_tarantella_strand
Spider:2: layout_spider_delve, uniq_jorgrun
Spider:3: layout_spider_delve, uniq_kirke
Spider:4: grunt_spider_rune_parallel, gammafunk_ghost_tricky_traps
Slime:1:  layout_caves
Orc:1:    layout_caves
Orc:2:    hellmonk_orc_salted, layout_caves, basic_altar
Elf:1:    minmay_elf_arrival_plus, layout_onion_city, hangedman_elf_represent,
          einodemon_barbed_minivault, uniq_nikola
Elf:2:    nicolae_elf_blades_crystal_corner, layout_rooms, columned_hall_lemuel,
          fountainhead, statue_in_the_mist_lemuel
Elf:3:    minmay_elf_hall_not_hex, layout_geoelf_octagon
Vaults:1: v_misc_30, serial_ice_g, vaults_room_pools, hangedman_vaults_slice,
          vaults_room_grunt_arrival_ludios, hangedman_vaults_unwind, v_misc_22,
          nicolae_vaults_big_ls, grunt_vaults_hallway_long,
          layout_vaults_big_room
Vaults:2: minmay_crypt_entry_simple_sparse, nicolae_vaults_network_barrier,
          nicolae_vaults_network_periphery, dpeg_vaults_monster_row,
          vaults_dpeg_encased_lava, nicolae_vaults_statue_guard,
          vaults_room_grid, vaults_mumra_chevron, vaults_mumra_hex,
          nicolae_vaults_network_s, grunt_vaults_swirl,
          nicolae_vaults_shelves_hall, layout_vaults_omnicross
Vaults:3: kb_rosetta, ontoclasm_vaults_ring_large, nicolae_vaults_puzzle_piece,
          ontoclasm_vaults_twist, nicolae_vaults_gold_heap,
          ontoclasm_vaults_ring_small, hangedman_vaults_cutoff, v_misc_4,
          nicolae_vaults_stairing_the_circle, v_alt_pattern_6, v_pattern_4,
          vaults_dpeg_diagonal, vaults_room_pool, layout_vaults_omnibox,
          serial_shops, bzr_entry_dummy
Vaults:4: grunt_vaults_hallway_long, ontoclasm_vaults_idyll, st_octagons_1,
          ontoclasm_vaults_eye, ontoclasm_vaults_ring_small,
          nicolae_vaults_yaktaur_gun_rack, nicolae_vaults_mini_display_case,
          v_pattern_2, vaults_room_pool, layout_vaults_quadrants,
          uniq_bai_suzhen, uniq_aizul, uniq_saint_roka
Depths:1: layout_long_grid, gammafunk_ghost_abyssal_escape,
          grunt_hell_entry_dis_mu, hangedman_abyss_entry_splay,
          lemuel_crystal_altar, minmay_multi_spiral
Depths:2: minmay_the_grid_four_pointed_star [minmay_the_grid_triangle_9x9_sprig,
          minmay_the_grid_triangle_9x9_corruption,
          minmay_the_grid_triangle_9x9_minimal,
          minmay_the_grid_triangle_9x9_sparse_checkered,
          minmay_the_grid_prize_big_room], layout_gridlike, enter_ziggurat_f,
          rand_demon_pan_entry_4, hell_entry, infiniplex_staircase_zigzag_2
Depths:3: minmay_eyes, layout_gridlike, rand_demon_pan_entry_7, hell_entry,
          abyss_entry, grunt_decor_junction
Depths:4: lemuel_castle_with_subvaults [lemuel_castle_interior_original],
          layout_cave_shapes, grunt_decor_fettered, pf_hell_entry_tar_river,
          nicolae_hepliaklqana_hazy_memory, minmay_shop_grove
Zot:1:    layout_basic
Zot:2:    kennysheep_spiral_hall, layout_misc_corridors,
          nicolae_rock_paper_scissors, uniq_grunn
Zot:3:    hangedman_zot_vaults_quadrants, layout_concentric_octagons,
          uniq_josephina
Zot:4:    layout_onion
Zot:5:    layout_misc_corridors, basic_altar

Skill      XL: |  1  2  3  4  5  6  7  8  9 10 11 12 13 14 15 16 17 18 19 20 21 22 23 |
---------------+----------------------------------------------------------------------+-----
Spellcasting   | 2 3 4 |  4.1
Stealth        | 3 4 5 6 7 |  7.9
Short Blades   | 2 3 4 6 9 10 | 10.0
Dodging        | 2 5 6 7 8 10 12 13 15 17 19 20 22 | 22.3
Ranged Weapons | 7 10 12 15 17 18 | 18.0
Fighting       | 3 5 8 10 11 12 14 15 16 17 18 19 20 21 | 21.1
Armour         | 5 8 10 11 13 14 15 | 15.7
Long Blades    | 2 |  2.7
Evocations     | 4 6 |  6.3
Hexes          | 6 8 |  8.6
Earth Magic    | 6 8 |  8.6
Transmutations | 4 5 |  5.8
Throwing       | |  1.7

Action                     |  1- 3 |  4- 6 |  7- 9 | 10-12 | 13-15 | 16-18 | 19-21 | 22-24 || total
---------------------------+-------+-------+-------+-------+-------+-------+-------+-------++-------
  Melee: Dagger            |   147 |   192 |   527 |   117 |       |       |       |       ||   983
         Punch             |     2 |     2 |    10 |     2 |       |     1 |       |       ||    17
         Long sword        |       |     2 |       |       |       |       |       |       ||     2
         Double sword      |       |       |       |       |       |    10 |       |       ||    10
   Fire: Longbow           |       |       |       |   497 |  1128 |  1452 |  1849 |  1251 ||  6177
   Cast: Wereblood         |       |       |       |       |       |       |    45 |    17 ||    62
         Leda's Liquefacti |       |       |       |       |       |       |     2 |       ||     2
         Apportation       |       |       |       |       |       |       |       |     6 ||     6
  Evoke: Wand              |       |       |    16 |       |       |     4 |     8 |     3 ||    31
         Phantom mirror    |       |       |       |       |       |       |     1 |     1 ||     2
         Box of beasts     |       |       |       |       |       |       |     1 |       ||     1
    Use: Potion            |       |     2 |       |     1 |     2 |     5 |       |     9 ||    19
         Scroll            |       |     4 |     9 |    10 |    12 |     9 |     4 |    12 ||    60
   Stab: Sleeping          |     9 |     1 |    20 |     6 |       |       |       |       ||    36
         Distracted        |       |     1 |     3 |       |       |     1 |       |       ||     5
 Armour: Leather armour    |    17 |       |       |       |       |       |       |       ||    17
         Ring mail         |    38 |   129 |       |       |       |       |       |       ||   167
         Robe              |       |     5 |   175 |    93 |    33 |       |       |       ||   306
         Quicksilver drago |       |       |       |       |    65 |   169 |   137 |   169 ||   540
  Dodge: Dodged            |    80 |    93 |   248 |   207 |   275 |   668 |   941 |   869 ||  3381
         Repelled          |       |       |       |       |       |     7 |     8 |     8 ||    23
  Block: Other             |    26 |    42 |    74 |    52 |    67 |   100 |       |       ||   361
         Reflection        |       |     1 |     1 |     1 |     7 |     3 |       |       ||    13

Table legend: (Time is in decaauts)
 A = Elapsed time spent in this place.
 B = Non-inter-level travel time spent in this place.
 C = Inter-level travel time spent in this place.
 D = Time resting spent in this place.
 E = Time spent auto-exploring this place.
 F = Levels seen in this place.
 G = Mean time per level.
                   A        B        C        D        E       F      G
               +--------+--------+--------+--------+--------+-----+--------+
         Total |  48908 |  44772 |   4136 |   8375 |  24507 |  53 |  922.8 |
       Dungeon |  13857 |  12329 |   1528 |   1741 |   7574 |  15 |  923.8 |
          Lair |   5101 |   4453 |    648 |    351 |   3153 |   5 | 1020.2 |
         Swamp |   3617 |   3403 |    214 |    721 |   1851 |   4 |  904.2 |
   Spider Nest |   5758 |   5414 |    344 |   2087 |   2240 |   4 | 1439.5 |
    Slime Pits |     20 |     20 |      0 |      0 |      0 |   1 |   20.0 |
  Orcish Mines |   1655 |   1407 |    248 |    124 |    942 |   2 |  827.5 |
   Elven Halls |   2780 |   2607 |    173 |    118 |   1758 |   3 |  926.7 |
        Vaults |   6057 |   5684 |    373 |   1125 |   3418 |   4 | 1514.2 |
        Depths |   6002 |   5576 |    426 |   1208 |   2767 |   4 | 1500.5 |
           Zot |   2244 |   2067 |    177 |    547 |    489 |   5 |  448.8 |
         Abyss |    848 |    848 |      0 |    331 |     29 |   3 |  282.7 |
        Bazaar |    236 |    236 |      0 |      0 |    107 |   1 |  236.0 |
         Trove |    128 |    128 |      0 |      0 |      0 |   1 |  128.0 |
        Bailey |    599 |    599 |      0 |     17 |    178 |   1 |  599.0 |
               +--------+--------+--------+--------+--------+-----+--------+

Top non-repeatable levels by time:
Spider:4: 2094 daAuts
    D:11: 2031 daAuts
Depths:3: 1851 daAuts
Vaults:2: 1746 daAuts
Spider:3: 1700 daAuts
Vaults:4: 1580 daAuts
Depths:4: 1578 daAuts
Vaults:3: 1478 daAuts
    D:13: 1377 daAuts
Depths:2: 1353 daAuts
  Lair:2: 1277 daAuts
Vaults:1: 1253 daAuts
Depths:1: 1218 daAuts
    D:15: 1206 daAuts
    D:12: 1187 daAuts
